 Dungeon Crawl Stone Soup version 0.27.1-33-g824d729ab1 (webtiles) character file.

Game seed: 6163941825999062727

80 Kaptain the Firebug (level 4, -3/24 HPs)
             Began as a Tengu Fire Elementalist on Dec 19, 2021.
             Slain by Crazy Yiuf (11 damage)
             ... on level 2 of the Dungeon.
             The game lasted 00:05:42 (2467 turns).

Kaptain the Firebug (Tengu Fire Elementalist)       Turns: 2467, Time: 00:05:43

Health: -3/24      AC:  2    Str:  8    XL:     4   Next: 39%
Magic:  4/8        EV: 12    Int: 17    God:
Gold:   104        SH:  0    Dex: 14    Spells: 7/8 levels left

rFire    . . .     SeeInvis .   d - +0 hand axe
rCold    . . .     Faith    .   (no shield)
rNeg     . . .     Spirit   .   a - +0 robe
rPois    .         Reflect  .   (helmet restricted)
rElec    .         Harm     .   (no cloak)
rCorr    .         Rampage  .   (no gloves)
Will     .....                  (boots unavailable)
Stlth    ++........             (no amulet)
HPRegen  0.08/turn              (no ring)
MPRegen  0.11/turn              (no ring)

@: lethally poisoned (-3 -> -5)
A: beak, talons 3
a: no special abilities


You were on level 2 of the Dungeon.
You visited 1 branch of the dungeon, and saw 2 of its levels.

You collected 104 gold pieces.

Inventory:

Hand Weapons
 d - a +0 hand axe (weapon)
Armour
 a - a +0 robe (worn)
 f - a +0 tower shield
Wands
 k - a wand of flame (12)
Scrolls
 b - a scroll of enchant weapon {unknown}
 c - a scroll of fog {unknown}
 e - 2 scrolls of silence {unknown}
 h - 2 scrolls of immolation {unknown}
 j - a scroll of enchant armour {unknown}
 l - a scroll of identify {unknown}
 m - a scroll of fear {unknown}
 o - a scroll of summoning {unknown}
Potions
 g - 2 potions of invisibility {unknown}
 i - a potion of attraction {unknown}
 n - a potion of degeneration {unknown}


   Skills:
 + Level 0.9 Fighting
 + Level 0.8 Armour
 + Level 2.5 Dodging
 + Level 2.4 Stealth
 * Level 2.5 Spellcasting
 * Level 2.6 Conjurations
 * Level 3.9 Fire Magic


You had 7 spell levels left.
You knew the following spells:

 Your Spells              Type           Power      Damage    Failure   Level
a - Foxfire               Conj/Fire      52%        2x1d6     4%          1

Your spell library contained the following spells:

 Spells                   Type           Power      Damage    Failure   Level
 Conjure Flame            Conj/Fire      13%        6-21      14%         3
 Inner Flame              Hex/Fire       8%         N/A       24%         3
 Sticky Flame             Conj/Fire      13%        2d4       43%         4
 Ozocubu's Armour         Ice            2%         N/A       50%         3
 Fireball                 Conj/Fire      6%         3d5       80%         5
 Metabolic Englaciation   Hex/Ice        1%         N/A       99%         5
 Simulacrum               Ice/Necr       1%         N/A       100%        6


Dungeon Overview and Level Annotations

Branches:
Dungeon (2/15)

Altars:

Annotations:
D:2 Crazy Yiuf


Innate Abilities, Weirdness & Mutations

You have a beak for a mouth.
You have claws for feet.


Message History

You conjure some foxfire!
Your foxfire dissipates!
The foxfire hits Crazy Yiuf but does no damage.
Crazy Yiuf shouts!
Casting: Foxfire (safe; 4% risk of failure)
Confirm with . or Enter, or press ? or * to list all spells.
You conjure some foxfire!
Your foxfire dissipates!
The foxfire hits Crazy Yiuf but does no damage.
Crazy Yiuf whimpers, "Trifle down ena!"
Casting: Foxfire (safe; 4% risk of failure)
Confirm with . or Enter, or press ? or * to list all spells.
You conjure some foxfire!
The foxfire hits Crazy Yiuf.
Crazy Yiuf is lightly wounded.
The foxfire hits Crazy Yiuf but does no damage.
Crazy Yiuf is lightly wounded.
Casting: Foxfire (safe; 4% risk of failure)
Confirm with . or Enter, or press ? or * to list all spells.
You conjure some foxfire!
Crazy Yiuf closely misses you.
Your foxfire dissipates!
The foxfire hits Crazy Yiuf.
Crazy Yiuf is lightly wounded.
Casting: Foxfire (safe; 4% risk of failure)
Confirm with . or Enter, or press ? or * to list all spells.
You conjure some foxfire!
Crazy Yiuf hits you with a +3 quarterstaff of chaos!
Ouch! That really hurt!
You are poisoned.
Your foxfire dissipates!
You feel sick.
The foxfire hits Crazy Yiuf.
Crazy Yiuf is moderately wounded.
You feel sick.
Unknown command.
You feel sick.
Casting: Foxfire (safe; 4% risk of failure)
Confirm with . or Enter, or press ? or * to list all spells.
You conjure some foxfire!
You feel sick.
Crazy Yiuf hits you with a +3 quarterstaff of chaos!
You die...

#....... #############
#....... #...........#
#....... #......)....#
#....... #....)......#
#....... #....)......#
#..).... ##### #....)......#
#.......
##...###...........###.......
##..........g@v.).............
#....####.....v...............
#....# #.....................
♣....♣ #....)................
♣...♣♣ #....###############'#
♣♣.♣♣ #....# #.>. ♣.♣♣ #....#
#... ♣♣.♣ #....# #... ♣g♣♣
#....# ##.#


You could see Crazy Yiuf (ally target).

Vanquished Creatures
  Jessica (D:2)
  Robin (D:2)
  A dart slug (D:1)
  4 ball pythons
  An endoplasm (D:2)
  3 giant cockroaches (D:1)
  10 goblins
  6 hobgoblins
  2 kobolds (D:2)
  2 quokkas
  2 frilled lizards (D:1)
  3 rats (D:1)
36 creatures vanquished.

Vanquished Creatures (others)
  107 foxfires
107 creatures vanquished.

Grand Total: 143 creatures vanquished

Notes
Turn   | Place    | Note
-------+----------+-------------------------------------------
     0 | D:1      | Kaptain the Tengu Fire Elementalist began the quest for the
                  | Orb.
     0 | D:1      | Reached XP level 1. HP: 10/10 MP: 4/4
   140 | D:1      | Found a faded altar of an unknown god.
   295 | D:1      | Reached XP level 2. HP: 15/15 MP: 1/6
  1512 | D:2      | Reached XP level 3. HP: 20/20 MP: 3/7
  1512 | D:2      | Noticed Robin
  2023 | D:2      | Killed Robin
  2216 | D:2      | Found a runed translucent door.
  2217 | D:2      | Noticed Crazy Yiuf
  2328 | D:2      | Noticed Jessica
  2336 | D:2      | Killed Jessica
  2337 | D:2      | Reached XP level 4. HP: 24/24 MP: 6/8
  2467 | D:2      | Slain by Crazy Yiuf

Illustrated notes

Levels and vault maps discovered:
D:1:      enne_arrival_octagon_isle, layout_basic,
          ebering_ecumenical_altar_petrified, nrook_loot_triangle
D:2:      layout_basic, uniq_crazy_yiuf_cottage, uniq_jessica, uniq_robin

Skill      XL: |  1  2 |
---------------+-------+-----
Conjurations   | 2 |  2.6
Fighting       | |  0.9
Armour         | |  0.8
Dodging        | |  2.5
Stealth        | |  2.4
Spellcasting   | |  2.5
Fire Magic     | |  3.9

Action                   |  1- 3 |  4- 6 || total
-------------------------+-------+-------++-------
Melee: Hand axe          |    15 |       ||    15
       Kick              |     5 |       ||     5
       Peck              |     1 |       ||     1
 Cast: Foxfire           |    58 |     6 ||    64
 Stab: Sleeping          |     3 |       ||     3
Armor: Robe              |     9 |       ||     9
Dodge: Dodged            |    17 |     1 ||    18
